[Event "Titled Tuesday Blitz July 6 2021"]
[White "Mezentsev, Ivan"]
[Black "Zhigalko, Sergei"]
[WhiteFideId "13706195"]
[BlackFideId "13502956"]
[WhiteElo "2295"]
[BlackElo "2662"]
[Result "0-1"]
[Round "03"]
[TimeControl "180+1"]
[Date "2021.07.06"]
[WhiteClock "0:00:01"]
[BlackClock "0:00:02"]

1. d4 Nf6 2. Nf3 e6 3. Bf4 b6 4. e3 Bb7 5. h3 Bd6 6. Bxd6 cxd6 7. a4 Nc6 8. Be2 O-O 9. O-O Qc7 10. c3 Rfe8 11. Nbd2 e5 12. Nc4 e4 13. Nfd2 Ne7 14. a5 b5 15. a6 Bc6 16. Na3 Rab8 17. Nc2 Nf5 18. Nb4 d5 19. Re1 g6 20. Nb3 h5 21. Nc5 Kg7 22. Qd2 g5 23. f3 Qg3 24. Rf1 Nh4 25. Rf2 exf3 26. Bxf3 g4 27. Nxd7 Bxd7 28. Bxd5 Nxd5 29. Nxd5 gxh3 30. Nf4 Qg4 31. Kh2 hxg2 0-1


[Site "https://www.chess.com"]

[Event "Titled Tuesday Blitz July 6 2021"]
[White "Mikhalsky, Vladimir"]
[Black "Le, Tuan Minh"]
[WhiteFideId "14144352"]
[BlackFideId "12401153"]
[WhiteElo "2280"]
[BlackElo "2450"]
[Result "0-1"]
[Round "03"]
[TimeControl "180+1"]
[Date "2021.07.06"]
[WhiteClock "0:02:09"]
[BlackClock "0:02:19"]

1. c4 c6 2. b3 d5 3. Nf3 Nf6 4. g3 Bg4 5. Bg2 e6 6. O-O Bd6 7. d4 Nbd7 8. Bb2 O-O 9. Nbd2 a5 10. h3 Bh5 11. a3 h6 12. Re1 Ne4 13. Nxe4 dxe4 14. Nd2 e3 15. Ne4 exf2+ 16. Kxf2 Bc7 17. g4 f5 18. gxh5 fxe4+ 19. Kg1 Qh4 20. d5 Qf2+ 21. Kh1 Qg3 22. d6 Bxd6 0-1


[Site "https://www.chess.com"]

[Event "Titled Tuesday Blitz July 6 2021"]
[White "Mitrabha, Guha"]
[Black "Alekseenko, Kirill"]
[WhiteFideId "5057000"]
[BlackFideId "4135539"]
[WhiteElo "2334"]
[BlackElo "2580"]
[Result "1-0"]
[Round "03"]
[TimeControl "180+1"]
[Date "2021.07.06"]
[WhiteClock "0:00:12"]
[BlackClock "0:00:06"]

1. d4 d5 2. Nf3 Nf6 3. Bf4 c5 4. e3 Nc6 5. Nbd2 e6 6. c3 Be7 7. Bd3 O-O 8. O-O Nh5 9. Be5 f6 10. Bg3 c4 11. Bc2 f5 12. b3 b5 13. a4 b4 14. bxc4 bxc3 15. Nb1 Nxg3 16. hxg3 Bb4 17. c5 Ba6 18. Bd3 Qc8 19. Bxa6 Qxa6 20. Qc2 Qc4 21. Rc1 Rab8 22. Nxc3 Bxc3 23. Qxc3 Qxc3 24. Rxc3 Rb4 25. Ng5 Re8 26. f4 h6 27. Nf3 Kf7 28. Ne5+ Nxe5 29. fxe5 Rc8 30. c6 Ke7 31. Rc5 Rc4 32. Rc1 Rxa4 33. Rb5 Rc7 34. Rb7 Kd8 35. Rb8+ Ke7 36. Rb7 Kd8 37. Rb5 Kc8 38. Kf2 Ra2+ 39. Kf3 g5 40. g4 fxg4+ 41. Kxg4 Rxg2+ 42. Kh5 g4 43. Rf1 Kd8 44. Rf8+ Ke7 45. Rh8 Rf2 46. Kg6 g3 47. Rh7+ Kd8 48. Rb8+ Rc8 49. Rd7+ Ke8 50. Rxc8# 1-0


[Site "https://www.chess.com"]

[Event "Titled Tuesday Blitz July 6 2021"]
[White "Mohammad Fahad, Rahman"]
[Black "Bryant, Jehron"]
[WhiteFideId "10207791"]
[BlackFideId "2044455"]
[WhiteElo "2323"]
[BlackElo "2406"]
[Result "1-0"]
[Round "03"]
[TimeControl "180+1"]
[Date "2021.07.06"]
[WhiteClock "0:00:32"]
[BlackClock "0:00:08"]

1. c4 e6 2. Nc3 d5 3. d4 Nf6 4. Nf3 Be7 5. Bg5 O-O 6. e3 h6 7. Bf4 a6 8. cxd5 exd5 9. Bd3 Bg4 10. O-O Nbd7 11. Qc2 Bxf3 12. gxf3 c5 13. Kh1 Kh8 14. Rg1 Rc8 15. dxc5 Nxc5 16. Bf5 Rc6 17. Rad1 Bd6 18. Nxd5 Bxf4 19. Nxf4 Qa5 20. Qb1 Qb4 21. a3 Qb3 22. Bc2 Qb5 23. b4 Na4 24. Bxa4 Qxa4 25. Qb2 Rc2 26. Qe5 Qc6 27. e4 Qc3 28. Qxc3 Rxc3 29. Rd3 Rfc8 30. Rgd1 g5 31. Ne2 Rc2 32. R1d2 Nh5 33. Kg2 Kg7 34. Kh3 b6 35. Kg4 Nf6+ 36. Kf5 a5 37. f4 axb4 38. axb4 Rxd2 39. Rxd2 gxf4 40. Rd6 Ne8 41. Rxb6 Rc4 42. Nxf4 Rd4 43. Nh5+ Kh7 44. f4 Rd1 45. e5 Rf1 46. Rb7 Ng7+ 47. Nxg7 Kxg7 48. e6 Kg8 49. Rxf7 Rb1 50. Rb7 Kf8 51. Kf6 Ke8 52. Rb8# 1-0


[Site "https://www.chess.com"]

[Event "Titled Tuesday Blitz July 6 2021"]
[White "Moroni, Luca Jr"]
[Black "pooh2012"]
[WhiteFideId "865834"]
[WhiteElo "2491"]
[BlackElo "2488"]
[Result "1-0"]
[Round "03"]
[TimeControl "180+1"]
[Date "2021.07.06"]
[WhiteClock "0:00:26"]
[BlackClock "0:00:03"]

1. d4 Nf6 2. c4 e6 3. Nc3 Bb4 4. Nf3 O-O 5. Bg5 c5 6. e3 cxd4 7. exd4 d5 8. c5 Qa5 9. Bd2 Ne4 10. Qc2 Nxd2 11. Nxd2 e5 12. Nb3 Qc7 13. a3 Bxc3+ 14. bxc3 Nc6 15. Be2 Re8 16. O-O b6 17. Bb5 Bd7 18. a4 exd4 19. cxd4 Nb4 20. Qd2 Nc6 21. Rfc1 a6 22. Bxc6 Bxc6 23. cxb6 Qxb6 24. Nc5 a5 25. Rab1 Qd8 26. Re1 Qf6 27. Rxe8+ Rxe8 28. h3 g6 29. Rb6 Rc8 30. Qe3 Qd8 31. Rb1 Rb8 32. Rxb8 Qxb8 33. Qe7 Qb4 34. Qd8+ Kg7 35. Qe7 Bxa4 36. Ne6+ 1-0


[Site "https://www.chess.com"]

[Event "Titled Tuesday Blitz July 6 2021"]
[White "Nabaty, Tamir"]
[Black "Wagh Suyog"]
[WhiteFideId "2809052"]
[BlackFideId "25071688"]
[WhiteElo "2627"]
[BlackElo "2219"]
[Result "0-1"]
[Round "03"]
[TimeControl "180+1"]
[Date "2021.07.06"]
[WhiteClock "0:00:01"]
[BlackClock "0:00:05"]

1. e4 c6 2. d4 d5 3. e5 Bf5 4. g4 Bg6 5. Nc3 e6 6. h4 h5 7. gxh5 Bxh5 8. Qd3 Bg6 9. Qg3 Bxc2 10. Nf3 Nh6 11. Bh3 Nf5 12. Bxf5 Bxf5 13. h5 a6 14. Be3 Nd7 15. Kf1 Rc8 16. Kg2 b6 17. Rac1 c5 18. Nh4 Bh7 19. Ng6 Rg8 20. Bg5 Qc7 21. Nf4 Bf5 22. Nce2 Qb7 23. Qe3 cxd4 24. Nxd4 Bh7 25. Rxc8+ Qxc8 26. Rc1 Qb7 27. Qc3 Bc5 28. b4 f6 29. bxc5 bxc5 30. Nfxe6 cxd4 31. Qc8+ Qxc8 32. Rxc8+ Ke7 33. Nd8 Rxd8 34. exf6+ gxf6 35. Rc6 fxg5 36. Rh6 Nf6 0-1


[Site "https://www.chess.com"]

[Event "Titled Tuesday Blitz July 6 2021"]
[White "Nakamura, Hikaru"]
[Black "Lodici, Lorenzo"]
[WhiteFideId "2016192"]
[BlackFideId "884189"]
[WhiteElo "2900"]
[BlackElo "2265"]
[Result "1-0"]
[Round "03"]
[TimeControl "180+1"]
[Date "2021.07.06"]
[WhiteClock "0:01:18"]
[BlackClock "0:01:25"]

1. Nf3 b6 2. e4 Bb7 3. Nc3 e6 4. d4 Bb4 5. Bd3 Nf6 6. e5 Ne4 7. O-O Bxc3 8. bxc3 f5 9. exf6 Nxf6 10. Bg5 O-O 11. Re1 Nc6 12. c4 Ne7 13. Ne5 h6 14. Bh4 Nf5 15. Bxf5 exf5 16. Ng6 Rf7 17. d5 Kh7 18. Ne5 Rf8 19. Qd3 g6 20. Re2 c6 21. Rae1 cxd5 22. Nxd7 dxc4 23. Nxf8+ Qxf8 24. Re7+ Kg8 25. Qd6 g5 26. Qe6+ Kh8 27. Rf7 Qd8 28. Rxf6 1-0


[Site "https://www.chess.com"]

[Event "Titled Tuesday Blitz July 6 2021"]
[White "Nguyen Hong Nhung"]
[Black "Alavkin, Arseny"]
[WhiteFideId "12412201"]
[BlackFideId "4120612"]
[WhiteElo "1661"]
[BlackElo "2401"]
[Result "0-1"]
[Round "03"]
[TimeControl "180+1"]
[Date "2021.07.06"]
[WhiteClock "0:00:48"]
[BlackClock "0:01:05"]

1. e4 e6 2. d4 d5 3. Nc3 Bb4 4. e5 c5 5. a3 Bxc3+ 6. bxc3 Qc7 7. Qg4 Ne7 8. Qxg7 Rg8 9. Qxh7 cxd4 10. Ne2 Nbc6 11. f4 dxc3 12. Qd3 d4 13. Nxd4 Nxd4 14. Qxd4 Bd7 15. Rg1 Nf5 16. Qf2 Rh8 17. g4 Nh4 18. Be3 Bc6 19. Rg3 O-O-O 20. Bxa7 Rd2 21. Be2 Qa5 22. Bb6 Qd5 23. Rd3 Ng2+ 24. Kf1 Rxd3 25. Bxd3 Rxh2 26. Rd1 Ne3+ 27. Qxe3 Qg2+ 28. Ke1 Rh1+ 29. Qg1 Rxg1+ 30. Bxg1 Qxg1+ 31. Ke2 Bf3+ 32. Kxf3 Qxd1+ 33. Kg3 Qxd3+ 34. cxd3 c2 0-1


[Site "https://www.chess.com"]

[Event "Titled Tuesday Blitz July 6 2021"]
[White "Nitish Belurkar"]
[Black "Yakubboev, Nodirbek"]
[WhiteFideId "5084768"]
[BlackFideId "14203987"]
[WhiteElo "2306"]
[BlackElo "2519"]
[Result "1/2-1/2"]
[Round "03"]
[TimeControl "180+1"]
[Date "2021.07.06"]
[WhiteClock "0:00:10"]
[BlackClock "0:00:05"]

1. d4 Nf6 2. Nf3 g6 3. Bg5 Bg7 4. Nbd2 d5 5. Bxf6 Bxf6 6. e4 dxe4 7. Nxe4 Bg7 8. c3 Nd7 9. Bc4 Nf6 10. Qe2 O-O 11. O-O Nd5 12. Rfe1 c6 13. Rad1 Bg4 14. h3 Bxf3 15. Qxf3 e6 16. Re2 Qc7 17. g3 a5 18. h4 h5 19. a3 b5 20. Bxd5 cxd5 21. Nf6+ Bxf6 22. Qxf6 Qd8 23. Qf3 Kg7 24. Re5 Qf6 25. Qe2 Rfb8 26. Rd3 Rb7 27. Rf3 Qe7 28. Rfe3 Qd8 29. Kg2 Rc8 30. g4 Qxh4 31. gxh5 Rh8 32. Rh3 Qf6 33. Rf3 Qh4 34. Rh3 Qf4 35. Rg3 Rh6 36. Reg5 Qf6 37. hxg6 Rxg6 38. Rxg6+ fxg6 39. Rf3 Qg5+ 40. Rg3 Qf5 41. Rf3 Qg4+ 42. Kf1 Qe4 43. Qxe4 dxe4 44. Re3 b4 45. axb4 axb4 46. Rxe4 bxc3 47. bxc3 Rc7 48. Re3 Kf6 49. Ke2 g5 50. Kd3 Rb7 51. Rf3+ Ke7 52. Ke4 Rc7 53. Rg3 Kf6 54. Rf3+ Ke7 55. Kd3 Ra7 56. c4 Ra3+ 57. Ke4 Ra2 58. Rg3 Kf6 59. Rf3+ Ke7 60. Ke3 Ra3+ 61. Ke4 Ra2 1/2-1/2


[Site "https://www.chess.com"]

[Event "Titled Tuesday Blitz July 6 2021"]
[White "Noritsyn, Nikolay"]
[Black "Gontcharov, Vladislav"]
[WhiteFideId "2604922"]
[BlackFideId "4123492"]
[WhiteElo "2527"]
[BlackElo "2503"]
[Result "0-1"]
[Round "03"]
[TimeControl "180+1"]
[Date "2021.07.06"]
[WhiteClock "0:00:14"]
[BlackClock "0:00:29"]

1. d4 Nf6 2. c4 e6 3. Nf3 c5 4. d5 exd5 5. cxd5 d6 6. Nc3 g6 7. Nd2 Nbd7 8. Nc4 Nb6 9. Ne3 Bg7 10. a4 Bd7 11. a5 Nc8 12. Nc4 O-O 13. Bf4 Qc7 14. e3 a6 15. Be2 Bb5 16. O-O Bxc4 17. Bxc4 Re8 18. Qc2 Ne7 19. e4 Nd7 20. Be2 f5 21. Rfe1 Ne5 22. Bf1 fxe4 23. Nxe4 Nf5 24. Qd1 h6 25. Ra3 Rad8 26. Ng3 Nd4 27. h4 Qf7 28. Qd2 Qxd5 29. Bxh6 Bxh6 30. Qxh6 Qf7 31. Rae3 Rf8 32. Ne4 d5 33. Ng5 Qxf2+ 34. Kh1 Qxf1+ 35. Rxf1 Rxf1+ 36. Kh2 Ng4+ 37. Kh3 Nxh6 38. Re7 Ndf5 0-1


[Site "https://www.chess.com"]

[Event "Titled Tuesday Blitz July 6 2021"]
[White "Obregon, Andres Carlos"]
[Black "Harutjunyan, Gevorg"]
[WhiteFideId "111724"]
[BlackFideId "13300873"]
[WhiteElo "2572"]
[BlackElo "2498"]
[Result "1-0"]
[Round "03"]
[TimeControl "180+1"]
[Date "2021.07.06"]
[WhiteClock "0:00:49"]
[BlackClock "0:01:07"]

1. d4 d5 2. Bf4 Nf6 3. e3 c5 4. Nd2 Nc6 5. c3 Qb6 6. Qb3 c4 7. Qc2 g6 8. e4 dxe4 9. Nxc4 Qd8 10. Ne2 Bg7 11. Ng3 O-O 12. Nxe4 Nd5 13. Bd2 b5 14. Ne3 b4 15. Bc4 Nb6 16. Bb5 bxc3 17. bxc3 Bb7 18. Nc5 Qc7 19. O-O Rac8 20. Rac1 Ba8 21. Qb3 Rcd8 22. Rfd1 e5 23. Na6 Qe7 24. d5 Na5 25. Qb4 Qxb4 26. cxb4 Nb7 27. Nc7 Nd6 28. Bc6 Bxc6 29. dxc6 Ne4 30. Be1 f5 31. Ne6 Rxd1 32. Rxd1 Rc8 33. Nxg7 Kxg7 34. b5 Kf7 35. f3 Nf6 36. Bc3 Ke6 37. Bb4 Nbd5 38. Bc5 Rb8 39. a4 Ra8 40. Nc4 e4 41. fxe4 fxe4 42. h3 Nc3 43. Rd6+ Kf5 44. Rxf6+ Kxf6 45. Bd4+ Ke6 46. Bxc3 Kd5 47. Ne3+ 1-0


[Site "https://www.chess.com"]

[Event "Titled Tuesday Blitz July 6 2021"]
[White "Ortiz Verdezoto, Anahi"]
[Black "Yanchenko, Roman"]
[WhiteFideId "3614581"]
[BlackFideId "4137329"]
[WhiteElo "1755"]
[BlackElo "2514"]
[Result "0-1"]
[Round "03"]
[TimeControl "180+1"]
[Date "2021.07.06"]
[WhiteClock "0:00:21"]
[BlackClock "0:00:16"]

1. d4 d5 2. c4 c6 3. cxd5 cxd5 4. Bf4 Nc6 5. e3 Bf5 6. Nc3 e6 7. Nf3 Qb6 8. Qd2 Nf6 9. Be2 Ne4 10. Qc1 Nxc3 11. bxc3 Qa5 12. O-O Ba3 13. Qd2 Rc8 14. c4 Bb4 15. Qd1 Bc3 16. c5 Bxa1 17. Qxa1 b6 18. Rc1 O-O 19. Bd6 Rfd8 20. a4 Bg4 21. h3 Bh5 22. g4 Bg6 23. h4 f6 24. g5 Be4 25. Ne1 Nb4 26. f3 Bg6 27. Kf2 Kf7 28. Bb5 a6 29. Be2 h5 30. gxh6 gxh6 31. Qa3 b5 32. Bf4 Qxa4 33. Qxa4 bxa4 34. Bxh6 a3 35. Rc3 a2 36. Ra3 Bb1 37. Bf4 e5 38. dxe5 Rxc5 39. exf6 Nc6 40. Rxa6 Ra5 41. Rxa5 Nxa5 42. Be5 d4 43. Bxd4 Rxd4 44. exd4 a1=Q 45. Ke3 Qc3+ 46. Nd3 Bxd3 47. Bxd3 Kxf6 48. Ke4 Nb3 49. d5 Qd4# 0-1


[Site "https://www.chess.com"]

[Event "Titled Tuesday Blitz July 6 2021"]
[White "Ozen, Bahadir"]
[Black "Kim, Sergey"]
[WhiteFideId "6337058"]
[BlackFideId "13700570"]
[WhiteElo "2503"]
[BlackElo "2448"]
[Result "1-0"]
[Round "03"]
[TimeControl "180+1"]
[Date "2021.07.06"]
[WhiteClock "0:01:49"]
[BlackClock "0:01:15"]

1. g3 Nf6 2. Nf3 g6 3. Bg2 Bg7 4. O-O O-O 5. d4 d6 6. Re1 Nbd7 7. e4 e5 8. Nc3 c6 9. a4 a5 10. h3 Qc7 11. Be3 Re8 12. Qd2 exd4 13. Nxd4 Ne5 14. Qe2 b6 15. f4 Ba6 16. Ndb5 Qb8 17. fxe5 dxe5 18. Qf2 cxb5 19. axb5 Bb7 20. Bxb6 Nd7 21. Be3 Qc7 22. Rad1 Rac8 23. Rf1 Nc5 24. b6 Qxb6 25. Qxf7+ Kh8 26. Na4 1-0


[Site "https://www.chess.com"]

[Event "Titled Tuesday Blitz July 6 2021"]
[White "Pakleza, Zbigniew"]
[Black "Levitskiy, Andrey"]
[WhiteFideId "1119290"]
[BlackFideId "14132885"]
[WhiteElo "2526"]
[BlackElo "2323"]
[Result "1-0"]
[Round "03"]
[TimeControl "180+1"]
[Date "2021.07.06"]
[WhiteClock "0:00:04"]
[BlackClock "0:00:04"]

1. d4 Nf6 2. Nf3 e6 3. Bf4 c5 4. c3 d5 5. e3 Bd6 6. Bg3 O-O 7. Nbd2 b6 8. Ne5 Bb7 9. f4 Ne4 10. Nxe4 dxe4 11. Be2 Nc6 12. Nc4 Be7 13. O-O f5 14. dxc5 Bxc5 15. b4 Be7 16. Qb3 Qc7 17. Rfd1 Rfd8 18. b5 Rxd1+ 19. Rxd1 Nd8 20. Ne5 Bf6 21. Bc4 Bc8 22. h3 Qe7 23. a4 Bxe5 24. fxe5 Nb7 25. Qa2 Nc5 26. Rd6 Bd7 27. a5 Rb8 28. axb6 axb6 29. Qa7 Re8 30. Qxb6 Na4 31. Qc7 Rd8 32. b6 Nxc3 33. b7 Nd5 34. Bxd5 exd5 35. b8=Q Rxb8 36. Qxb8+ Kf7 37. Qc7 Ke8 38. Bh4 Qxh4 39. Qxd7+ Kf8 40. Qd8+ Kf7 41. Qxh4 1-0


[Site "https://www.chess.com"]

[Event "Titled Tuesday Blitz July 6 2021"]
[White "Pert, Richard G"]
[Black "Rustemov, Alexander"]
[WhiteFideId "404748"]
[BlackFideId "4119002"]
[WhiteElo "2441"]
[BlackElo "2849"]
[Result "0-1"]
[Round "03"]
[TimeControl "180+1"]
[Date "2021.07.06"]
[WhiteClock "0:00:01"]
[BlackClock "0:00:04"]

1. d4 d5 2. Nf3 Nf6 3. Bf4 e6 4. e3 Bd6 5. Nbd2 O-O 6. Bd3 b6 7. Qe2 c5 8. c3 Bb7 9. O-O Nc6 10. Ne5 Qc7 11. Ndf3 Ne7 12. h3 Rac8 13. Rad1 Ne4 14. Bb1 Rfd8 15. Rfe1 f6 16. Nd3 Ba6 17. Bxd6 Nxd6 18. Qc2 Bxd3 19. Qxd3 g6 20. Nd2 f5 21. Nf3 Nc6 22. Qe2 c4 23. Ne5 Nxe5 24. dxe5 Ne4 25. f3 Nc5 26. f4 b5 27. a3 a5 28. g4 Qb6 29. Kh2 Ne4 30. gxf5 exf5 31. Rg1 b4 32. axb4 axb4 33. Bxe4 dxe4 34. Rxd8+ Qxd8 35. Rd1 Qb6 36. Rd6 Qc5 37. Qd2 Kg7 38. Rd7+ Kg8 39. e6 Re8 40. Rb7 Qc6 41. Qd7 Qxd7 42. exd7 Rd8 43. cxb4 Kf7 44. Rc7 Ke7 45. Kg3 Rxd7 46. Rxc4 Rd3 47. Rc3 Rd2 48. b3 Kd6 49. b5 Rd5 50. Rc6+ Kd7 51. Rb6 Kc7 52. Rc6+ Kb7 53. Rf6 Rxb5 54. Rf7+ Kc6 55. Rxh7 Rxb3 56. Rh6 Rxe3+ 57. Kg2 Rf3 58. Rxg6+ Kd5 59. h4 Rxf4 60. Kg3 Rf3+ 61. Kg2 Ke5 62. h5 Rf4 63. Kg3 Rf1 64. Kg2 Ra1 65. h6 Ra7 66. Rg7 Ra6 67. h7 Rh6 68. Kg3 Kf6 69. Ra7 Kg6 70. Kf4 Rh4+ 71. Ke5 e3 72. Ra3 f4 73. Ke4 Kg5 74. Ra1 e2 75. Kf3 Rh2 76. Rg1+ Kf5 77. Re1 Rh3+ 78. Kxe2 Rxh7 79. Rg1 Rh2+ 0-1


[Site "https://www.chess.com"]

[Event "Titled Tuesday Blitz July 6 2021"]
[White "Petriashvili, Nikoloz"]
[Black "Lagunow, Raphael"]
[WhiteFideId "13611216"]
[BlackFideId "24652644"]
[WhiteElo "2430"]
[BlackElo "2400"]
[Result "1-0"]
[Round "03"]
[TimeControl "180+1"]
[Date "2021.07.06"]
[WhiteClock "0:00:10"]
[BlackClock "0:00:02"]

1. e4 c5 2. Nf3 Nc6 3. d4 cxd4 4. Nxd4 Nf6 5. Nc3 e5 6. Ndb5 d6 7. Bg5 a6 8. Na3 b5 9. Nd5 Be7 10. Bxf6 Bxf6 11. c3 Bg5 12. Nc2 Rb8 13. a4 bxa4 14. Ncb4 Nxb4 15. cxb4 Bd7 16. Bxa6 O-O 17. O-O Qe8 18. b5 Bd8 19. Qxa4 Bxb5 20. Bxb5 Qxb5 21. Qxb5 Rxb5 22. b4 f5 23. f3 Bb6+ 24. Kh1 Bd4 25. Rac1 g6 26. g3 Rb7 27. Kg2 Kg7 28. Rc6 Rbf7 29. exf5 Rxf5 30. Rxd6 e4 31. f4 R5f7 32. Re1 Re8 33. b5 Ba7 34. Ra6 Bc5 35. Rc6 Ba7 36. b6 Bb8 37. Nc3 e3 38. Kf3 g5 39. Ne2 gxf4 40. gxf4 Ref8 41. Rg1+ Kh8 42. Rg4 h5 43. Rh4 Rf5 44. Rh6+ Kg7 45. R6xh5 Rxh5 46. Rxh5 Rf6 47. Rb5 Re6 48. b7 Re7 49. h4 Kh6 50. h5 1-0


[Site "https://www.chess.com"]

[Event "Titled Tuesday Blitz July 6 2021"]
[White "Piesik, Piotr"]
[Black "Onyshchuk, Volodymyr"]
[WhiteFideId "1136194"]
[BlackFideId "14114038"]
[WhiteElo "2354"]
[BlackElo "2603"]
[Result "1/2-1/2"]
[Round "03"]
[TimeControl "180+1"]
[Date "2021.07.06"]
[WhiteClock "0:01:15"]
[BlackClock "0:00:12"]

1. Nf3 g6 2. g3 Bg7 3. d4 Nf6 4. Bg2 O-O 5. O-O d6 6. Nbd2 Nc6 7. e4 e5 8. dxe5 dxe5 9. c3 a5 10. a4 b6 11. Qb3 Nd7 12. Nc4 Nc5 13. Qc2 Ba6 14. Rd1 Qe7 15. Ne3 Rfc8 16. Nd5 Qf8 17. Bh3 Ne6 18. Ng5 Ncd8 19. Nxe6 Nxe6 20. Be3 Ra7 21. b4 axb4 22. cxb4 Re8 23. a5 Bc8 24. axb6 Rxa1 25. Rxa1 cxb6 26. Bxb6 Nd4 27. Bxd4 exd4 28. Bxc8 d3 29. Qxd3 Bxa1 30. Bd7 Rd8 31. Bc6 Bg7 32. Qc4 h5 33. h4 Be5 34. b5 Qd6 35. Kg2 Rc8 36. b6 Kg7 37. Nc7 Rxc7 38. bxc7 Qxc7 39. Bd5 Qxc4 40. Bxc4 f6 41. f4 Bc3 42. Kf3 Be1 43. Bd5 Bc3 44. Bc6 Bd4 45. Be8 Kh6 46. g4 hxg4+ 47. Kxg4 Kg7 48. h5 gxh5+ 49. Bxh5 Bb2 50. Kf5 Bc3 51. e5 fxe5 52. fxe5 Bxe5 1/2-1/2


[Site "https://www.chess.com"]

[Event "Titled Tuesday Blitz July 6 2021"]
[White "Plat, Vojtech"]
[Black "LEGENYA1998"]
[WhiteFideId "325740"]
[WhiteElo "2486"]
[BlackElo "2460"]
[Result "1/2-1/2"]
[Round "03"]
[TimeControl "180+1"]
[Date "2021.07.06"]
[WhiteClock "0:00:07"]
[BlackClock "0:00:11"]

1. e4 d5 2. exd5 Qxd5 3. d4 Nc6 4. Nf3 Bg4 5. Be2 O-O-O 6. c4 Qh5 7. d5 e6 8. Nc3 Bb4 9. O-O Bxc3 10. bxc3 Nf6 11. h3 exd5 12. hxg4 Nxg4 13. Nh4 Nce5 14. g3 dxc4 15. Qa4 g5 16. Qxa7 gxh4 17. Bf4 hxg3 18. Bxg3 Rhg8 19. Rad1 Nc6 20. Qa8+ Nb8 21. Bf3 Rd3 22. Qxb7+ Kd7 23. Qxc7+ Ke6 24. Rxd3 cxd3 25. Re1+ Kf6 26. Qf4+ Qf5 27. Qd4+ Kg5 28. Bxg4 Qxg4 29. Re5+ f5 30. Qxd3 Nc6 31. Qe3+ Kh5 32. Re6 Rg6 33. Rxg6 hxg6 34. Kg2 Qa4 35. Qf3+ Kh6 36. Bf4+ Kg7 37. a3 Ne7 38. Be5+ Kf7 39. Bd4 Qxa3 40. Qb7 Qd6 41. Be3 Qd5+ 42. Qxd5+ Nxd5 43. Bd2 Nb6 44. Kf3 Nc4 45. Bc1 Ke6 46. Ke2 Kd5 47. Bf4 Nb6 48. Kd3 Nc4 49. Bc7 Nb2+ 50. Kc2 Nc4 51. Kb3 Nd2+ 52. Kb4 Nc4 53. Bf4 Nb6 54. Kb5 Nc4 55. Bc1 Nd6+ 56. Kb4 Nc4 57. Bf4 Nb6 58. Kb5 Nc4 59. Bc7 Nb2 60. f4 Nc4 61. Bb8 Nd2 62. Be5 Nc4 63. Bd4 Nd2 64. Kb6 Nc4+ 65. Kc7 Nd2 66. Kd7 Nf3 67. Be3 Ke4 68. Bc1 Kd5 69. Ke7 Kc4 70. Kf6 Kxc3 71. Kxg6 Nd4 72. Be3 Ne6 73. Kxf5 Nxf4 1/2-1/2


[Site "https://www.chess.com"]

[Event "Titled Tuesday Blitz July 6 2021"]
[White "Pohjala, Henri"]
[Black "Torkkola, Henri"]
[WhiteFideId "506478"]
[BlackFideId "507660"]
[WhiteElo "2365"]
[BlackElo "2137"]
[Result "1-0"]
[Round "03"]
[TimeControl "180+1"]
[Date "2021.07.06"]
[WhiteClock "0:00:05"]
[BlackClock "0:00:02"]

1. d4 Nf6 2. Bg5 d5 3. Bxf6 gxf6 4. e3 c5 5. dxc5 e6 6. Nf3 Bxc5 7. Nbd2 Nc6 8. a3 e5 9. c4 Be6 10. Rc1 Be7 11. cxd5 Bxd5 12. Bc4 O-O 13. Bxd5 Qxd5 14. Nh4 Qe6 15. Qf3 Rad8 16. Ne4 Kh8 17. O-O Rg8 18. Nf5 Rg6 19. Rfd1 Rdg8 20. g3 Bf8 21. Rd2 Ne7 22. Nxe7 Bxe7 23. Rc7 f5 24. Nc3 e4 25. Qd1 Bd6 26. Rxb7 f4 27. exf4 e3 28. fxe3 Qxe3+ 29. Kf1 Bxf4 30. Rf2 Bxg3 31. hxg3 Rxg3 32. Ne2 Rh3 33. Qd4+ Qxd4 34. Nxd4 Rh1+ 35. Ke2 Re8+ 36. Kd2 Rf8 37. Rd7 h5 38. Nf3 Kg8 39. Rg2+ Kh8 40. Rh2 Rxh2+ 41. Nxh2 Kg7 42. Nf3 Kg6 43. Rxa7 Kf5 44. Ra4 Rh8 45. Ke3 f6 46. Rf4+ Kg6 47. a4 Rb8 48. b4 Rc8 49. b5 Rc3+ 50. Kf2 Ra3 51. Rb4 Ra2+ 52. Kg3 1-0


[Site "https://www.chess.com"]

[Event "Titled Tuesday Blitz July 6 2021"]
[White "Priasmoro, Novendra"]
[Black "Koelle, Tobias"]
[WhiteFideId "7105029"]
[BlackFideId "16207378"]
[WhiteElo "2309"]
[BlackElo "2364"]
[Result "1-0"]
[Round "03"]
[TimeControl "180+1"]
[Date "2021.07.06"]
[WhiteClock "0:01:47"]
[BlackClock "0:00:32"]

1. e4 c5 2. Nf3 g6 3. d4 cxd4 4. Nxd4 Bg7 5. Nc3 Nc6 6. Be3 Nf6 7. Bc4 O-O 8. Bb3 d6 9. f3 a6 10. Qd2 Nxd4 11. Bxd4 b5 12. O-O-O Bb7 13. h4 b4 14. Nd5 Bxd5 15. exd5 a5 16. Ba4 Qc8 17. Rhe1 Qc7 18. Kb1 Rac8 19. g4 Rfd8 20. h5 Qc4 21. Rxe7 Nxd5 22. Bb3 Qxd4 23. Qxd4 Nxe7 24. Qf4 d5 25. h6 Bh8 26. Re1 Re8 27. Ba4 Nc6 28. Rxe8+ Rxe8 29. a3 1-0


[Site "https://www.chess.com"]

[Event "Titled Tuesday Blitz July 6 2021"]
[White "Pridorozhni, Aleksei"]
[Black "Maltsevskaya, Aleksandra"]
[WhiteFideId "4127870"]
[BlackFideId "24174041"]
[WhiteElo "2565"]
[BlackElo "2225"]
[Result "1-0"]
[Round "03"]
[TimeControl "180+1"]
[Date "2021.07.06"]
[WhiteClock "0:00:26"]
[BlackClock "0:00:03"]

1. e4 e6 2. d4 d5 3. Nc3 dxe4 4. Nxe4 Nf6 5. Nxf6+ Qxf6 6. Nf3 h6 7. Bd3 c5 8. Be3 Nd7 9. c3 Bd6 10. Nd2 cxd4 11. Ne4 Qe7 12. Nxd6+ Qxd6 13. Bxd4 e5 14. Be3 Qe7 15. O-O O-O 16. Re1 Nc5 17. Bf1 Be6 18. Qh5 Nd7 19. b3 a6 20. c4 f5 21. Rad1 e4 22. Bd4 Rad8 23. f3 Nf6 24. Qh4 exf3 25. gxf3 Qf7 26. Bc3 Bd7 27. Bg2 Bc6 28. Kh1 Rxd1 29. Rxd1 Qh5 30. Bxf6 Bxf3 31. Qxh5 Bxh5 32. Bxg7 Kxg7 33. Rd7+ Kf6 34. Bxb7 f4 35. Kg2 Re8 36. Bf3 Rg8+ 37. Kf2 Bg6 38. Rd6+ Kg5 39. c5 a5 40. c6 Rc8 41. h4+ Kf5 42. h5 Bf7 43. Rxh6 a4 44. bxa4 Bxa2 45. Rd6 Bg8 46. a5 Ra8 47. c7 Rc8 48. Rd8 1-0


[Site "https://www.chess.com"]

[Event "Titled Tuesday Blitz July 6 2021"]
[White "Principe, Gerson"]
[Black "Tristan, Leonardo"]
[WhiteFideId "3804550"]
[BlackFideId "113816"]
[WhiteElo "2280"]
[BlackElo "2404"]
[Result "1-0"]
[Round "03"]
[TimeControl "180+1"]
[Date "2021.07.06"]
[WhiteClock "0:00:13"]
[BlackClock "0:00:05"]

1. d4 d5 2. Nf3 e6 3. c4 Nf6 4. Nc3 a6 5. cxd5 exd5 6. Bg5 Be6 7. e3 Nbd7 8. Be2 Bd6 9. O-O c6 10. a3 Qc7 11. Bxf6 Nxf6 12. b4 h6 13. Rb1 O-O 14. a4 Rfe8 15. Qc2 Qe7 16. b5 axb5 17. axb5 c5 18. dxc5 Bxc5 19. Rfd1 Rec8 20. Qd3 Ra3 21. Rbc1 Qf8 22. Qb1 Bb6 23. Qb2 Ne4 24. Nxe4 dxe4 25. Rxc8 Bxc8 26. Nd4 Bxd4 27. Qxd4 Bf5 28. h3 Rb3 29. Qd8 Qxd8 30. Rxd8+ Kh7 31. Rb8 Rb1+ 32. Kh2 Rb2 33. Bc4 Rxf2 34. Rxb7 Bg6 35. Re7 f5 36. b6 Rb2 37. b7 Bh5 38. Be6 Kg6 39. Bf7+ Kf6 40. Re8 Bf3 41. b8=Q Rxg2+ 42. Kh1 Rg3+ 43. Kh2 Rg2+ 44. Kh1 Rb2+ 45. Kg1 Rxb8 46. Rxb8 Kxf7 47. Rb7+ Kf6 48. Rb6+ Kg5 49. Kf2 g6 50. Kg3 Bh5 51. h4# 1-0


[Site "https://www.chess.com"]

[Event "Titled Tuesday Blitz July 6 2021"]
[White "Pruijssers, Roeland"]
[Black "Araujo Filho, Luiz Antonio Coel"]
[WhiteFideId "1013068"]
[BlackFideId "2130661"]
[WhiteElo "2545"]
[BlackElo "2262"]
[Result "1-0"]
[Round "03"]
[TimeControl "180+1"]
[Date "2021.07.06"]
[WhiteClock "0:00:38"]
[BlackClock "0:00:11"]

1. e4 c6 2. d4 d5 3. exd5 cxd5 4. Bd3 Nf6 5. c3 Nc6 6. f4 e6 7. Nf3 Be7 8. O-O O-O 9. Nbd2 a6 10. Ne5 Qc7 11. Ndf3 b5 12. Qe2 b4 13. Nxc6 Qxc6 14. cxb4 Bxb4 15. a3 Bd6 16. b4 Bb7 17. Bd2 Rac8 18. Rfb1 Qc7 19. g3 Qb6 20. a4 Ne4 21. a5 Qa7 22. b5 axb5 23. Rxb5 Ba6 24. Rb6 Bxd3 25. Qxd3 Rc4 26. Rb5 Rfc8 27. a6 Rb8 28. Rxb8+ Bxb8 29. Be3 Qc7 30. Rb1 Rc3 31. Qb5 Ba7 32. Qe8# 1-0


[Site "https://www.chess.com"]